 Dungeon Crawl Stone Soup version 0.31-a0-940-gdaa99269f9 (webtiles) character file.

Game seed: 1202474685420969101

326 Kurtz the Sneak (level 6, -2/48 HPs)
             Began as a Formicid Delver on Oct 20, 2023.
             Was an Initiate of Gozag.
             Killed by divine providence
             ... invoked by an orc priest
              (13 damage)
             ... on level 4 of the Dungeon.
             The game lasted 00:04:33 (2615 turns).

Kurtz the Sneak (Formicid Delver)                   Turns: 2615, Time: 00:04:33

Health: -2/48      AC: 10    Str: 17    XL:     6   Next: 79%
Magic:  6/6        EV:  7    Int:  9    God:    Gozag
Gold:   219        SH: 10    Dex: 15    Spells: 5/5 levels left

rFire   . . .        y - +6 mace of Sudden Death {flame, rElec rCorr Dex-2 Stlth-}
rCold   . . .        n - +0 buckler
rNeg    . . .        k - +0 chain mail
rPois   .            (helmet unavailable)
rElec   +            (no cloak)
rCorr   +            w - +1 pair of gloves
SInv    +            (no boots)
Will    .....        j - amulet of reflection Stlth
                     (no ring)
HPRegen 0.28/turn    (no ring)
MPRegen 0.10/turn

%: reflection
@: gold aura
A: permanent stasis, dig shafts and tunnels, antennae 3, four strong arms
a: Dig, Shaft Self, Renounce Religion, Potion Petition, Call Merchant, Bribe
Branch


You were on level 4 of the Dungeon.
You worshipped Gozag.
Gozag was aware of your devotion.
You visited 1 branch of the dungeon, and saw 5 of its levels.

You collected 327 gold pieces.
You paid 108 gold pieces to Gozag.

Inventory:

Hand Weapons
 a - a +0 hand axe
 r - a +2 mace of draining
 y - the +6 mace of Sudden Death (weapon) {flame, rElec rCorr Dex-2 Stlth-}
   (You found it on level 1 of the Dungeon)

   Dex-2:     It affects your dexterity (-2).
   rElec:     It insulates you from electricity.
   rCorr:     It protects you from acid and corrosion.
   Stlth-:    It makes you less stealthy.
Missiles
 o - 5 poisoned darts
 x - 5 boomerangs
Armour
 i - a +0 scale mail
 k - a +0 chain mail (worn)
 n - a +0 buckler (worn)
 w - a +1 pair of gloves (worn)
Jewellery
 j - an amulet of reflection (around neck)
Talismans
 g - a flux talisman
Wands
 f - a wand of digging (3)
 h - a wand of flame (1) (quivered)
Scrolls
 c - 2 scrolls of fog
 d - 2 scrolls of revelation
 e - a scroll of fear
 l - 4 scrolls of identify {unknown}
 p - 2 scrolls of teleportation {unknown}
 s - a scroll of vulnerability {unknown}
 t - a scroll of noise {unknown}
 z - a scroll of blinking {unknown}
 A - a scroll of torment {unknown}
Potions
 b - a potion of enlightenment {unknown}
 m - a potion of haste {unknown}
 q - a potion of curing {unknown}
 u - a potion of heal wounds {unknown}
 v - a potion of magic {unknown}


   Skills:
 + Level 4.0 Fighting
 + Level 5.5 Axes
 - Level 1.7 Dodging
 - Level 6.0 Stealth
 * Level 3.6 Shields


You had 5 spell levels left.
You didn't know any spells.
Your spell library was empty.

Dungeon Overview and Level Annotations

Branches:
Dungeon (5/15)
 Temple: D:4-7

Altars:
Gozag
Qazlal
Uskayaw

Shops:
D:3 *

Annotations:
D:5 exclusion: sensed monster (detected)


Innate Abilities, Weirdness & Mutations

You cannot be hasted, slowed, berserked, paralysed or teleported.
You can dig through walls and to a lower floor.
You have a pair of large antennae on your head. (SInv)
Your four strong arms can wield two-handed weapons with a shield.


Message History

The orc wizard is heavily wounded.
The orc priest invokes the aid of Beogh against you.
Beogh smites you! The orc wizard barely misses you.
The dart slug launches a dart at you. The slug dart misses you.
You hit the orc wizard. You burn the orc wizard.
The orc wizard is almost dead.
You block the orc priest's attack. The orc wizard casts a spell at you.
The magic dart hits you but does no damage.
The dart slug launches a dart at you.
The slug dart hits you but does no damage.
The orc priest calls down the wrath of Beogh upon you.
Beogh smites you! You block the orc wizard's attack.
You are too injured to fight recklessly!
Unknown command.
You are too injured to fight recklessly!
You are too injured to fight recklessly!
Unknown command.
You are too injured to fight recklessly!
You closely miss the orc wizard.
The orc wizard is almost dead.
You block the orc wizard's attack.
The orc priest hits you but does no damage.
The dart slug barely misses you.
Unknown command.
You block the orc wizard's attack.
You hit the orc priest. You burn the orc priest.
The orc priest is lightly wounded.
The orc priest barely misses you.
You hit the orc priest. You burn the orc priest.
The orc priest is moderately wounded.
The orc priest hits you with a +0 flail.
* * * LOW HITPOINT WARNING * * *
You hit the orc wizard. You burn the orc wizard.
You kill the orc wizard!
The orc priest mumbles some strange prayers to Beogh against you.
Beogh smites you!
You die...
Your body crumbles into a pile of gold.

#..#.####.#...#
#.###.##.#
#..#.####.#.###
#.##..##.##
#...........#
#.......... .
##..###.###
########.##
#.......# #[#
#..###..######
#[## #
#........# #...
#........# #)[.
#....#@#.#
#######.##
#...{#$# ..
........#
#....$o# #
#######<#
#.......# #.##
#.####... #...
#.#((#.... ####
..#..#._..#
..#..#....#
#.####....#


You could see 2 dancing weapons and an orc priest.

Vanquished Creatures
  A sky beast (D:3)
  2 orc priests (D:4)
  3 orc wizards (D:4)
  4 adders
  3 worms
  3 dart slugs
  6 orcs (D:4)
  5 ball pythons
  5 bats
  10 endoplasms
  3 giant cockroaches
  8 goblins
  A hobgoblin (D:3)
  9 jackals
  2 quokkas
  4 kobolds (D:2)
  5 rats
74 creatures vanquished.

Notes
Turn   | Place    | Note
-------+----------+-------------------------------------------
     0 | D:5      | Kurtz the Formicid Delver began the quest for the Orb.
     0 | D:5      | Reached XP level 1. HP: 18/18 MP: 1/1
   143 | D:3      | Reached XP level 2. HP: 24/24 MP: 2/2
   221 | D:2      | Reached XP level 3. HP: 18/29 MP: 3/3
   505 | D:2      | Found a faded altar of an unknown god.
   651 | D:2      | Reached XP level 4. HP: 35/35 MP: 4/4
   870 | D:1      | Reached skill level 1 in Shields
  1436 | D:3      | Found an opulent altar of Gozag.
  1437 | D:3      | Found an opulent altar of Gozag.
  1446 | D:3      | Found an opulent altar of Gozag.
  1449 | D:3      | Became a worshipper of Gozag Ym Sagoz the Greedy
  1468 | D:3      | Found an opulent altar of Gozag.
  1515 | D:3      | Found a stormy altar of Qazlal.
  1515 | D:3      | Noticed a sky beast
  1532 | D:3      | Killed a sky beast
  1533 | D:3      | Reached skill level 5 in Axes
  1533 | D:3      | Reached XP level 5. HP: 5/41 MP: 5/5
  1693 | D:3      | Found Tobluot's Assorted Antiques.
  1735 | D:3      | Reached XP level 6. HP: 48/48 MP: 6/6
  2360 | D:1      | Identified the +6 mace of Sudden Death {flame, rElec rCorr
                  | Dex-2 Stlth-}
  2596 | D:4      | Noticed a +0 hand axe
  2596 | D:4      | Noticed a +0 dagger
  2598 | D:4      | Found a hide-covered altar of Uskayaw.
  2615 | D:4      | Killed from afar by an orc priest

Illustrated notes

Levels and vault maps discovered:
D:1:      wander_arrival_fairy_ring, layout_rooms, serial_glass,
          glass_columns_a, glass_columns_a, due_unseen_surprise,
          item_on_display_a, feat_on_display, serial_park_tiny_1
D:2:      layout_basic, chequers_ecumenical_altar_lobes
D:3:      layout_loops_cross, nicolae_gozag_conspicuous_consumption,
          nicolae_qazlal_beasts_of_the_sky, serial_shops, shop, st_stairs_6,
          serial_bayou_pond_e
D:4:      layout_basic, dancing_weapons_uskayaw, hangedman_ru_absence,
          serial_park_tiny_pond
D:5:      layout_loops_corners, kennysheep_little_box,
          gammafunk_ghost_mausoleum, grunt_ministairs_3, uniq_eustachio

Skill      XL: |  1  2  3  4  5  6 |
---------------+-------------------+-----
Axes           | 3 4 5 |  5.5
Shields        | 2 3 |  3.6
Fighting       | 4 |  4.0
Dodging        | |  1.7
Stealth        | |  6.0

Action                     |  1- 3 |  4- 6 || total
---------------------------+-------+-------++-------
  Melee: Hand axe          |    65 |   112 ||   177
         Mace              |       |    37 ||    37
Ability: Dig               |       |     5 ||     5
  Evoke: Wand              |     4 |    13 ||    17
   Stab: Distracted        |     1 |       ||     1
         Sleeping          |     1 |       ||     1
 Armour: Leather armour    |     9 |       ||     9
         Chain mail        |    19 |   121 ||   140
         Scale mail        |    12 |       ||    12
  Dodge: Dodged            |    33 |    56 ||    89
  Block: Other             |     7 |     6 ||    13
         Reflection        |     1 |       ||     1
         Buckler           |       |    56 ||    56

Table legend: (Time is in decaauts)
 A = Elapsed time spent in this place.
 B = Non-inter-level travel time spent in this place.
 C = Inter-level travel time spent in this place.
 D = Time resting spent in this place.
 E = Time spent auto-exploring this place.
 F = Levels seen in this place.
 G = Mean time per level.
                   A        B        C        D        E       F      G
               +--------+--------+--------+--------+--------+-----+--------+
         Total |   2652 |   2425 |    227 |    352 |   1372 |   5 |  530.4 |
       Dungeon |   2652 |   2425 |    227 |    352 |   1372 |   5 |  530.4 |
               +--------+--------+--------+--------+--------+-----+--------+

Top non-repeatable levels by time:
     D:3: 957 daAuts
     D:2: 684 daAuts
     D:1: 605 daAuts
     D:4: 274 daAuts
     D:5: 131 daAuts
